 Dungeon Crawl Stone Soup version 0.25-a0-578-gc91f01c (webtiles) character file.

Game seed: 14097468746250307944, levelgen mode: deterministic

168 robertstho the Skirmisher (level 5, -2/42 HPs)
             Began as a Demonspawn Abyssal Knight on Mar 6, 2020.
             Was a Believer of Lugonu.
             Slain by Grinder (4 damage)
             ... while paralysed by Grinder
             ... on level 4 of the Dungeon.
             The game lasted 00:06:06 (1778 turns).

robertstho the Skirmisher (DsAK)                    Turns: 1778, Time: 00:06:07

Health: -2/42      AC:  6    Str: 13    XL:     5   Next: 24%
Magic:  5/6        EV:  2    Int: 14    God:    Lugonu [**....]
Gold:   218        SH:  0    Dex: 12    Spells: 4/4 levels left

rFire    . . .     SeeInvis .   a - +2 falchion
rCold    . . .     Gourm    +   (no shield)
rNeg     . . .     Faith    .   m - +0 ring mail
rPois    .         Spirit   .   (no helmet)
rElec    .         Reflect  .   (no cloak)
rCorr    +         Harm     .   (no gloves)
MR       .....                  s - +0 pair of boots (curse)
Stlth    +.........             d - amulet of the gourmand
HPRegen  0.14/turn              r - ring of resist corrosion
MPRegen  0.10/turn              (no ring)

@: paralysed
A: repulsion field 1, powered by death 1
a: Depart the Abyss, Bend Space, Renounce Religion


You were on level 4 of the Dungeon.
You worshipped Lugonu.
Lugonu was pleased with you.
You were not hungry.

You visited 1 branch of the dungeon, and saw 4 of its levels.
You visited the Abyss 1 time.

You collected 218 gold pieces.

Inventory:

Hand Weapons
 a - a +2 falchion (weapon)
Armour
 b - a +0 leather armour
 m - a +0 ring mail (worn)
 s - a cursed +0 pair of boots (worn)
Jewellery
 d - an amulet of the gourmand (around neck)
 r - a ring of resist corrosion (left hand)
Scrolls
 h - a scroll of blinking {unknown}
 l - a scroll of random uselessness {unknown}
 o - a scroll of amnesia {unknown}
Potions
 e - a potion of curing
 f - a potion of magic
 g - a potion of flight {unknown}
 j - a potion of invisibility {unknown}
 k - a potion of stabbing {unknown}
 n - 2 potions of heal wounds {unknown}
 p - a potion of ambrosia {unknown}
 q - a potion of haste {unknown}
 t - a potion of brilliance
Comestibles
 c - 5 rations
 v - 5 chunks of flesh


   Skills:
 + Level 4.1 Fighting
 + Level 3.5 Long Blades
 + Level 2.3 Armour
 + Level 1.5 Dodging
 + Level 0.2 Stealth
 + Level 2.5 Invocations


You had 4 spell levels left.
You didn't know any spells.
Your spell library was empty.

Dungeon Overview and Level Annotations

Branches:
Dungeon (4/15)
 Temple: D:4-7

Altars:

Annotations:
D:4 Grinder


Innate Abilities, Weirdness & Mutations

You are surrounded by a mild repulsion field. (EV +2)
You regenerate a little health from kills.


Message History

t - a potion of brilliance Grinder gestures at you.
You suddenly lose the ability to move!
Grinder hits you.
You can move again.
You feel better. Grinder hits you.
As you read the scroll labeled GEIKIESENI, it crumbles to dust.
It is a scroll of enchant weapon.
Your +1 falchion glows red for a moment.
Grinder misses you. Space bends around you!
You blink.
Grinder gestures at you.
You suddenly lose the ability to move!
Grinder hits you. Grinder hits you!
* * * LOW HITPOINT WARNING * * *
Grinder hits you.
* * * LOW HITPOINT WARNING * * *
You writhe in agony.
You die...

#.#
###.#########
#.#.#........
###.#.#.######
#...#.<........
#.#.#.#.#######
#.#.......(..
##5#####.#####
#@.........
##########.# .#
#


You could see Grinder.

Vanquished Creatures
  An ogre (D:3)
  2 adders
  2 dart slugs
  2 leopard geckos
  2 orcs (D:3)
  3 bats
  A giant cockroach (D:2)
  10 goblins
  7 hobgoblins
  8 kobolds
  2 quokkas
  A ball python (D:3)
  6 frilled lizards
  7 rats
54 creatures vanquished.

Vanquished Creatures (others)
  6 starspawn tentacles (Abyss:1)
  5 toadstools (D:1)
11 creatures vanquished.

Grand Total: 65 creatures vanquished

Notes
Turn   | Place    | Note
-------+----------+-------------------------------------------
     0 | Abyss:1  | robertstho the Demonspawn Abyssal Knight began the quest
                  | for the Orb.
     0 | Abyss:1  | Reached XP level 1. HP: 18/18 MP: 2/2
    37 | Abyss:1  | Noticed a tentacled starspawn
    61 | Abyss:1  | Noticed a sky beast
    91 | Abyss:1  | Noticed a rakshasa
   125 | Abyss:1  | Noticed a hellwing
   132 | D:1      | Escaped the Abyss
   500 | D:1      | Gained mutation: You regenerate a little health from kills.
                  | [demonic ancestry]
   500 | D:1      | Reached XP level 2. HP: 21/24 MP: 3/3
   514 | D:1      | Reached * piety under Lugonu
   870 | D:2      | Gained mutation: You are surrounded by a mild repulsion
                  | field. (EV +2) [demonic ancestry]
   870 | D:2      | Reached XP level 3. HP: 27/30 MP: 4/4
  1022 | D:2      | Reached skill level 1 in Dodging
  1168 | D:3      | Reached XP level 4. HP: 33/37 MP: 5/5
  1298 | D:3      | Reached skill level 4 in Fighting
  1309 | D:3      | Noticed an ogre
  1316 | D:3      | Killed an ogre
  1316 | D:3      | Reached XP level 5. HP: 31/42 MP: 6/6
  1363 | D:3      | Reached ** piety under Lugonu
  1754 | D:4      | Noticed Grinder
  1770 | D:4      | Paralysed by Grinder for 3 turns
  1775 | D:4      | Paralysed by Grinder for 6 turns
  1778 | D:4      | HP: 2/42 [Grinder (4)]
  1778 | D:4      | Slain by Grinder

Levels and vault maps discovered:
D:1:      ldierk_walled_garden, layout_loops_ring, grunt_decor_cap
D:2:      layout_basic
D:3:      layout_loops_ring, first_ration, minmay_misc_feat_rows
D:4:      layout_basic, minmay_misc_feat_secret_circle, uniq_grinder

Skill      XL: |  1  2  3  4 |
---------------+-------------+-----
Long Blades    | 2 3 |  3.5
Armour         | 2 |  2.3
Dodging        | 1 |  1.5
Fighting       | 4 |  4.1
Stealth        | |  0.2
Invocations    | |  2.5

Action                   |  1- 3 |  4- 6 || total
-------------------------+-------+-------++-------
Melee: Falchion          |   117 |    33 ||   150
Invok: Depart the Abyss  |     1 |       ||     1
       Bend Space        |       |     1 ||     1
  Use: Scroll            |       |     4 ||     4
       Potion            |       |     2 ||     2
  Eat: Chunk             |     1 |     2 ||     3
Armor: Leather armour    |     9 |       ||     9
       Ring mail         |    33 |    11 ||    44
Dodge: Dodged            |    87 |    28 ||   115
       Rpst.: Falchion   |    30 |     7 ||    37

Table legend:
 A = Non-vault XP
 B = Vault XP
 C = Vault XP percentage of total XP
 D = Non-vault monster count
 E = Vault monster count
 F = Vault count percentage of total count
                 A         B        C        D         E       F
            +---------+---------+-------+---------+---------+-------
      Total |     241 |       0 |   0.0 |      54 |       0 |   0.0
            +---------+---------+-------+---------+---------+-------
        D:1 |      22 |       0 |   0.0 |      13 |       0 |   0.0
        D:2 |      53 |       0 |   0.0 |      26 |       0 |   0.0
        D:3 |     166 |       0 |   0.0 |      15 |       0 |   0.0
            +---------+---------+-------+---------+---------+-------
